 Dungeon Crawl Stone Soup version 0.27-a0-869-g165b36e3f0 (webtiles) character file.

Game seed: 3897968553896474531

696 jasper the Insei (level 7, 0/52 HPs)
             Began as a Demonspawn Transmuter on Apr 2, 2021.
             Slain by Menkaure (19 damage)
             ... on level 5 of the Dungeon.
             The game lasted 00:08:04 (5139 turns).

jasper the Insei (Demonspawn Transmuter)            Turns: 5139, Time: 00:08:04

Health: 0/52       AC: 13    Str: 10    XL:     7   Next: 37%
Magic:  0/10       EV: 13    Int: 16    God:
Gold:   193        SH:  0    Dex: 14    Spells: 1/10 levels left

rFire    . . .     SeeInvis .     - Unarmed
rCold    . . .     Faith    .   (no shield)
rNeg     . . .     Spirit   +   a - +0 robe
rPois    .         Reflect  .   (no helmet)
rElec    .         Harm     .   (no cloak)
rCorr    .         Rampage  .   (no gloves)
Will     .....                  g - +1 pair of boots
Stlth    +.........             (no amulet)
HPRegen  0.17/turn              (no ring)
MPRegen  0.24/turn              (no ring)

@: sanguine armoured, very slightly contaminated
A: magic shield, magic regeneration, sanguine armour 2
a: no special abilities


You were on level 5 of the Dungeon.
You visited 1 branch of the dungeon, and saw 5 of its levels.

You collected 193 gold pieces.

Inventory:

Hand Weapons
 d - a +1 short sword of venom
 i - a +0 dagger of venom
Missiles
 b - 89 stones (quivered)
 c - 100 arrows
Armour
 a - a +0 robe (worn)
 g - a +1 pair of boots (worn)
 m - a +2 ring mail of fire resistance
Scrolls
 k - a scroll of enchant armour
 o - 2 scrolls of enchant weapon
 p - a scroll of teleportation
Potions
 e - a potion of attraction
 j - 2 potions of resistance {unknown}
 l - a potion of brilliance {unknown}
 n - a potion of flight {unknown}


   Skills:
 + Level 3.4 Fighting
 + Level 3.5 Dodging
 * Level 5.3 Unarmed Combat
 - Level 2.0 Spellcasting
 + Level 1.4 Translocations
 - Level 3.0 Transmutations
 + Level 1.5 Ice Magic


You had one spell level left.
You knew the following spells:

 Your Spells              Type           Power      Damage    Failure   Level
a - Beastly Appendage     Tmut           22%        N/A       6%          1
b - Wereblood             Tmut           11%        N/A       9%          2
c - Blink                 Tloc           N/A        N/A       17%         2
d - Ice Form              Ice/Tmut       8%         N/A       63%         4

Your spell library contained the following spells:

 Spells                   Type           Power      Damage    Failure   Level
 Magic Dart               Conj           4%         1d3       21%         1
 Call Imp                 Summ           1%         N/A       30%         2
 Slow                     Hex            1%         N/A       30%         2
 Spider Form              Tmut/Pois      3%         N/A       32%         3
 Conjure Flame            Conj/Fire      1%         6-21      52%         3
 Mephitic Cloud           Conj/Pois/Air  1%         N/A       52%         3
 Hydra Form               Tmut           5%         N/A       86%         5


Dungeon Overview and Level Annotations

Branches:
Dungeon (5/15)
 Temple: D:4-7

Altars:
Qazlal
The Shining One

Shops:
D:5 (:!

Annotations:
D:2 1 runed translucent door, Crazy Yiuf
D:5 Menkaure


Innate Abilities, Weirdness & Mutations

When hurt, damage is shared between your health and your magic reserves.
You regenerate magic rapidly.
When seriously injured, your bleeding wounds create thick armour. (AC +9)


Message History

Health restored: 52
Casting: Beastly Appendage (safe; 6% risk of failure)
Confirm with . or Enter, or press ? or * to list all spells.
Okay, then.
You open the door.
Found an escape hatch in the ceiling.
There is an open door here.
There is an open door here.
Found Zunef's Book Emporium.
Menkaure, Prince of Dust comes into view.
Found a quarterstaff.
Menkaure shouts!
Found Tepunow's Weapon Boutique.
As you read the scroll labelled FAHACIADAEN, it crumbles to dust.
It is a scroll of identify.
e - a potion of attraction
Okay, then.
You aren't carrying any items that you can evoke.
Unknown command.
Okay, then.
Casting: Beastly Appendage (safe; 6% risk of failure)
Confirm with . or Enter, or press ? or * to list all spells.
The spell is extremely dangerous to cast (63% risk of failure)!
Continue anyway?
You miscast Ice Form.
You are very lightly contaminated with residual magic.
Your hands feel numb with cold!
You take 15 damage, and have 37/52 hp.
MASSIVE DAMAGE!!
You now have 4/10 mp.
Menkaure barely misses you.
You hit Menkaure.
Menkaure is lightly damaged.
Menkaure calls on the powers of darkness!
Your body is wracked with pain!
Your blood congeals into armour.
You take 17 damage, and have 21/52 hp.
MASSIVE DAMAGE!!
You now have 3/10 mp.
You hit Menkaure.
Menkaure is moderately damaged.
Menkaure hits you!!
* * * LOW HITPOINT WARNING * * *
You take 15 damage, and have 6/52 hp.
MASSIVE DAMAGE!!
You now have 1/10 mp.
You feel much better. Menkaure hits you!!
You die...

#.......# #.......####
.# ###
#.......#.∩.##.#...
####.......#......#..##
...........#.)....#...
...........#.........
....g.##...........#
......##........M∩.##
................@...#
....................#
#####...............#
#...............#
#...............#
#....#####......#
#....# #......#
#####....# #......#
......#### #......#


You could see Menkaure.

Vanquished Creatures
  An ice beast (D:5)
  A necrophage (D:2)
  An ogre (D:4)
  A phantom (D:4)
  2 scorpions (D:4)
  A hound (D:4)
  Natasha (thrice) (D:2)
  An iguana (D:5)
  A hound skeleton (D:5)
  A gnoll (D:4)
  3 adders
  A worm (D:2)
  A dart slug (D:3)
  4 orcs (D:3)
  A ball python (D:4)
  4 bats
  10 endoplasms
  7 giant cockroaches
  3 goblins
  3 hobgoblins
  7 jackals
  2 quokkas (D:3)
  A frilled lizard (D:1)
  9 kobolds
  4 rats
73 creatures vanquished.

Notes
Turn   | Place    | Note
-------+----------+-------------------------------------------
     0 | D:1      | jasper the Demonspawn Transmuter began the quest for the
                  | Orb.
     0 | D:1      | Reached XP level 1. HP: 15/15 MP: 3/3
   495 | D:1      | Gained mutation: When seriously injured, your bleeding
                  | wounds create armour. (AC +9) [demonic ancestry]
   495 | D:1      | Reached XP level 2. HP: 21/21 MP: 1/5
   655 | D:1      | Found a faded altar of an unknown god.
   665 | D:1      | Reached skill level 3 in Unarmed Combat
  1338 | D:2      | Gained mutation: You regenerate magic rapidly. [demonic
                  | ancestry]
  1338 | D:2      | Reached XP level 3. HP: 26/26 MP: 4/6
  1341 | D:2      | Learned a level 2 spell: Wereblood
  1344 | D:2      | Learned a level 2 spell: Blink
  1859 | D:2      | Noticed Natasha
  1862 | D:2      | Killed Natasha
  1863 | D:2      | Reached XP level 4. HP: 33/33 MP: 7/7
  1865 | D:2      | Noticed a necrophage
  1892 | D:2      | Killed a necrophage
  1893 | D:2      | Gained mutation: When hurt, damage is shared between your
                  | health and your magic reserves. [demonic ancestry]
  1893 | D:2      | Reached XP level 5. HP: 14/38 MP: 8/8
  2075 | D:2      | Reached skill level 4 in Unarmed Combat
  2112 | D:2      | Found a runed translucent door.
  2113 | D:2      | Noticed Crazy Yiuf
  2326 | D:2      | Noticed Natasha
  2327 | D:2      | Killed Natasha
  2444 | D:2      | Noticed Natasha
  2446 | D:2      | Killed Natasha
  2839 | D:3      | Found a stormy altar of Qazlal.
  3005 | D:4      | Reached XP level 6. HP: 46/46 MP: 9/9
  3010 | D:4      | Learned a level 4 spell: Ice Form
  4154 | D:5      | Entered Level 5 of the Dungeon
  4154 | D:5      | Found Emuhi's Distillery.
  4164 | D:4      | Reached skill level 1 in Ice Magic
  4184 | D:5      | Reached skill level 1 in Translocations
  4263 | D:4      | Reached skill level 5 in Unarmed Combat
  4263 | D:4      | Gained mutation: When seriously injured, your bleeding
                  | wounds create thick armour. (AC +9) [demonic ancestry]
  4263 | D:4      | Reached XP level 7. HP: 24/52 MP: 7/10
  5127 | D:5      | Found Zunef's Book Emporium.
  5131 | D:5      | Noticed Menkaure
  5133 | D:5      | Found Tepunow's Weapon Boutique.
  5139 | D:5      | Slain by Menkaure

Illustrated notes

Levels and vault maps discovered:
D:1:      dpeg_arrival_simpleton_a, layout_loops_ring,
          ebering_ecumenical_altar_webs, minmay_worlds_worst_comb
D:2:      layout_rooms, basic_altar, hex_large, hangedman_decor_opposing,
          minmay_3d_cube, uniq_crazy_yiuf_cottage, uniq_natasha
D:3:      layout_rooms, nicolae_qazlal_general_emergency
D:4:      layout_layer_cave, due_unseen_surprise
D:5:      layout_basic, serial_shops, shop_fountains, shop, shop, shop, shop,
          grunt_ministairs_4, chequers_serial_rivers_micro_e,
          chequers_serial_rivers_small_3, supply_closet_lemuel, uniq_menkaure

Skill      XL: |  1  2  3  4  5  6 |
---------------+-------------------+-----
Transmutations | 2 3 |  3.0
Dodging        | 2 3 |  3.5
Unarmed Combat | 3 4 5 |  5.3
Fighting       | 2 3 |  3.4
Ice Magic      | 1 |  1.5
Translocations | 1 |  1.4
Spellcasting   | |  2.0

Action                   |  1- 3 |  4- 6 |  7- 9 || total
-------------------------+-------+-------+-------++-------
Melee: Unarmed           |    81 |   105 |    35 ||   221
       Kick              |    17 |     2 |       ||    19
       Headbutt          |    12 |     2 |       ||    14
       Punch             |     2 |     3 |     2 ||     7
Throw: Stone             |       |    26 |    10 ||    36
 Cast: Beastly Appendage |    21 |     4 |       ||    25
Evoke: Wand              |     2 |    27 |       ||    29
  Use: Scroll            |       |     4 |     6 ||    10
       Potion            |       |     1 |     1 ||     2
Armor: Robe              |    18 |    16 |     7 ||    41
Dodge: Dodged            |    46 |    58 |    17 ||   121

Table legend: (Time is in decaauts)
 A = Elapsed time spent in this place.
 B = Non-inter-level travel time spent in this place.
 C = Inter-level travel time spent in this place.
 D = Time resting spent in this place.
 E = Time spent auto-exploring this place.
 F = Levels seen in this place.
 G = Mean time per level.
                   A        B        C        D        E       F      G
               +--------+--------+--------+--------+--------+-----+--------+
         Total |   5129 |   5018 |    111 |    799 |   3445 |   5 | 1025.8 |
       Dungeon |   5129 |   5018 |    111 |    799 |   3445 |   5 | 1025.8 |
               +--------+--------+--------+--------+--------+-----+--------+

Top non-repeatable levels by time:
     D:4: 1473 daAuts
     D:1: 1255 daAuts
     D:2: 1196 daAuts
     D:5: 749 daAuts
     D:3: 455 daAuts
